 Dungeon Crawl Stone Soup version 0.31-a0-1112-ga3593d9213 (webtiles) character file.

Game seed: 18143457574424170704

81 trollo the Ruffian (level 4, -1/44 HPs)
             Began as a Troll Berserker on Dec 4, 2023.
             Was a Believer of Trog.
             Slain by a lemure (6 damage)
             ... led by Pikel
             ... on level 4 of the Dungeon.
             The game lasted 00:08:04 (2221 turns).

trollo the Ruffian (Troll Berserker)                Turns: 2221, Time: 00:08:05

Health: -1/44      AC:  5    Str: 25    XL:     4   Next: 19%
Magic:  0/3        EV: 10    Int:  5    God:    Trog [**....]
Gold:   34         SH:  0    Dex:  9    Spells: 3/3 levels left

rFire   . .          .
                       - Unarmed
rCold   . . .        (no shield)
rNeg    . . .        a - +1 animal skin
rPois   .            (helmet restricted)
rElec   .            (no cloak)
rCorr   .            (gloves unavailable)
SInv    .            (boots unavailable)
Will    .....        b - amulet of guardian spirit
Stlth   +            (no ring)
HPRegen 1.07/turn    (no ring)
MPRegen 0.08/turn

%: guardian spirit
@: no status effects
A: large, unfitting armour, claws 3, regeneration 1, shaggy fur 1, tough skin 1
a: Renounce Religion, Berserk, Trog's Hand


You were on level 4 of the Dungeon.
You worshipped Trog.
Trog was pleased with you.
You visited 1 branch of the dungeon, and saw 4 of its levels.

You collected 138 gold pieces.
You spent 104 gold pieces at shops.

Inventory:

Missiles
 d - 24 stones
 j - 13 poisoned darts
Armour
 a - a +1 animal skin (worn)
Jewellery
 b - an amulet of guardian spirit (around neck)
 i - a ring of protection from fire
Wands
 h - a wand of light (6)
 m - a wand of flame (20)
Scrolls
 f - 2 scrolls of teleportation
 n - a scroll of fear
Potions
 c - 2 potions of cancellation
 e - a potion of attraction {unknown}
 g - 2 potions of haste
 l - a potion of curing


   Skills:
 * Level 2.9 Fighting
 * Level 1.0 Armour
 * Level 2.8 Dodging
 * Level 3.9 Unarmed Combat


You had 3 spell levels left.
You didn't know any spells.
Your spell library was empty.

Dungeon Overview and Level Annotations

Branches:
Dungeon (4/15)
 Temple: D:4-7

Altars:
Nemelex Xobeh

Shops:
D:2 !=   D:3 *

Annotations:
D:4 Natasha, Pikel


Innate Abilities, Weirdness & Mutations

You are too large for most types of armour.
You have claws for hands.
Your natural rate of healing is unusually fast.
You are covered in fur. (AC +1)
You have tough skin. (AC +1)


Message History

The lemure shouts!
The lemure moves out of view.
Pikel, Merchant of Souls comes into view.
He is wielding a +1 whip of electrocution, wearing a +1 robe of positive energy and carrying a wand of flame. 2 lemures come into view.
The lemure shouts! x2
The lemure hits you. The lemure barely misses you.
Pikel hits you with a +1 whip of electrocution.
You scratch Pikel.
Pikel is lightly wounded.
Pikel hits you with a +1 whip of electrocution.
You are electrocuted!
The lemure closely misses you.
You closely miss Pikel.
Pikel is lightly wounded.
The lemure hits you but does no damage. Pikel barely misses you.
You claw Pikel!
Pikel is moderately wounded.
The lemure barely misses you.
Pikel zaps a wand.
The puff of flame hits you.
You scratch Pikel but do no damage.
Pikel is moderately wounded.
The lemure hits you but does no damage.
Pikel zaps a wand.
The puff of flame hits you.
You scratch Pikel.
Pikel is heavily wounded.
Pikel hits you with a +1 whip of electrocution!
You are electrocuted!
* * * LOW HITPOINT WARNING * * *
The lemure hits you!
* * * LOW HITPOINT WARNING * * *
You feel much better.
Pikel zaps a wand.
The puff of flame hits you. The lemure barely misses you.
Okay, then.
You scratch Pikel but do no damage.
Pikel is heavily wounded.
Pikel says, "You'll make a fine lemure."
Pikel hits you with a +1 whip of electrocution.
You are electrocuted!
* * * LOW HITPOINT WARNING * * *
The lemure hits you.
You die...

..........### ##.
..........#
..........#
....).....# #
..........# 8#
..........# ..
###.......### .#
#####....5##'##...
##..#.@K5.....
##.######...# ...
. .##. .# . ## ##


You could see Pikel and 2 lemures.

Vanquished Creatures
  2 adders (D:3)
  2 worms (D:2)
  A dart slug (D:4)
  8 ball pythons
  3 bats
  7 endoplasms
  A giant cockroach (D:1)
  7 hobgoblins
  2 jackals (D:3)
  9 kobolds
  7 frilled lizards
  7 rats
56 creatures vanquished.

Notes
Turn   | Place    | Note
-------+----------+-------------------------------------------
     0 | D:1      | trollo the Troll Berserker began the quest for the Orb.
     0 | D:1      | Reached XP level 1. HP: 22/22 MP: 0/0
   256 | D:1      | Reached XP level 2. HP: 29/29 MP: 1/1
   862 | D:2      | Reached ** piety under Trog
   984 | D:2      | Reached XP level 3. HP: 33/36 MP: 0/2
  1028 | D:2      | Found a sparkling altar of Nemelex Xobeh.
  1240 | D:2      | Found Eriryrph's Distillery.
  1333 | D:2      | Found Unif's Jewellery Shoppe.
  1539 | D:3      | Reached skill level 1 in Armour
  1539 | D:3      | Reached XP level 4. HP: 44/44 MP: 3/3
  1828 | D:3      | Found Laupsuid's General Store.
  1836 | D:3      | Bought a potion of heal wounds for 65 gold pieces
  1836 | D:3      | Bought a potion of curing for 39 gold pieces
  2143 | D:4      | Noticed Natasha
  2211 | D:4      | Noticed a lemure
  2211 | D:4      | Noticed a lemure
  2212 | D:4      | Noticed Pikel
  2212 | D:4      | Noticed a lemure
  2212 | D:4      | Noticed a lemure
  2219 | D:4      | HP: 1/44 [lemure[Pikel] (7)]
  2221 | D:4      | Slain by a lemure

Illustrated notes

Levels and vault maps discovered:
D:1:      minmay_arrival_open_corners, layout_basic
D:2:      layout_loops_cross, basic_altar, serial_shops,
          nicolae_shop_industrial_runoff, nicolae_shop_real_fake_doors
D:3:      layout_basic, serial_shops, nicolae_shop_trees
D:4:      layout_layer_cave, minmay_temple_entry_statues_pillars,
          mainiacjoe_ossuary_entry_dusty_tomb, uniq_pikel, uniq_natasha

Skill      XL: |  1  2  3 |
---------------+----------+-----
Armour         | 1 |  1.0
Fighting       | |  2.9
Dodging        | |  2.8
Unarmed Combat | |  3.9

Action                     |  1- 3 |  4- 6 || total
---------------------------+-------+-------++-------
  Melee: Unarmed           |    89 |    34 ||   123
         Punch             |       |     1 ||     1
    Use: Scroll            |     7 |     1 ||     8
         Potion            |       |     1 ||     1
   Stab: Sleeping          |     1 |       ||     1
 Armour: Animal skin       |    47 |    25 ||    72
  Dodge: Dodged            |    50 |    24 ||    74

Table legend: (Time is in decaauts)
 A = Elapsed time spent in this place.
 B = Non-inter-level travel time spent in this place.
 C = Inter-level travel time spent in this place.
 D = Time resting spent in this place.
 E = Time spent auto-exploring this place.
 F = Levels seen in this place.
 G = Mean time per level.
                   A        B        C        D        E       F      G
               +--------+--------+--------+--------+--------+-----+--------+
         Total |   2212 |   1952 |    260 |      0 |   1269 |   4 |  553.0 |
       Dungeon |   2212 |   1952 |    260 |      0 |   1269 |   4 |  553.0 |
               +--------+--------+--------+--------+--------+-----+--------+

Top non-repeatable levels by time:
     D:1: 838 daAuts
     D:3: 661 daAuts
     D:2: 544 daAuts
     D:4: 168 daAuts
